 Dungeon Crawl Stone Soup version 0.29.0-4-gdea44cf6ec (webtiles) character file.

Game seed: 14956754282428406702

16 qw the Chopper (level 2, 0/17 HPs)
             Began as a Tengu Warper on Aug 28, 2022.
             Slain by a jackal (2 damage)
             ... on level 1 of the Dungeon.
             The game lasted 00:00:04 (559 turns).

qw the Chopper (Tengu Warper)                        Turns: 559, Time: 00:00:04

Health: 0/17       AC:  3    Str: 11    XL:     2   Next: 54%
Magic:  6/6        EV: 11    Int: 13    God:
Gold:   27         SH:  0    Dex: 13    Spells: 5/5 levels left

rFire   . . .      SeeInvis .   a - +0 hand axe
rCold   . . .      Faith    .   (no shield)
rNeg    . . .      Spirit   .   b - +0 leather armour
rPois   .          Reflect  .   (helmet restricted)
rElec   .          Harm     .   (no cloak)
rCorr   .          Rampage  .   (no gloves)
Will    .....                   (boots unavailable)
Stlth   +.........              (no amulet)
HPRegen 0.05/turn               (no ring)
MPRegen 0.10/turn               (no ring)

@: no status effects
A: beak, talons 3
a: no special abilities


You were on level 1 of the Dungeon.
You visited 1 branch of the dungeon, and saw 1 of its levels.

You collected 27 gold pieces.


Innate Abilities, Weirdness & Mutations

You have a beak for a mouth.
You have claws for feet.


   Skills:
 - Level 2.0 Fighting
 + Level 3.4 Axes
 - Level 1.0 Throwing
 - Level 1.1 Armour
 - Level 2.1 Dodging
 - Level 2.0 Spellcasting
 - Level 2.4 Translocations


You had 5 spell levels left.
You didn't know any spells.
Your spell library contained the following spells:

 Spells                   Type           Power      Damage    Failure   Level
 Blink                    Tloc           14%        N/A       19%         2
 Gell's Gravitas          Tloc           7%         N/A       36%         3
 Lesser Beckoning         Tloc           7%         N/A       36%         3
 Teleport Other           Tloc           7%         N/A       36%         3
 Manifold Assault         Tloc           7%         N/A       98%         5

Inventory:

Hand Weapons
 a - a +0 hand axe (weapon)
 d - a +0 club
Armour
 b - a +0 leather armour (worn)
 e - a +0 cloak
Jewellery
 h - a ring of poison resistance
Scrolls
 c - a scroll of blinking
 g - a scroll of identify {unknown}
 j - a scroll of immolation {unknown}
 k - a scroll of amnesia {unknown}
Potions
 f - a potion of cancellation {unknown}
 i - a potion of might {unknown}

Dungeon Overview and Level Annotations

Branches:
Dungeon (1/15)

Altars:


Message History

a +0 short sword; a kobold corpse; a ball python skeleton
Things that are here:
a +0 robe; a +2 short sword of flaming; a hobgoblin skeleton
j - a scroll labelled TIZEJA IMOETOI
Found a stone staircase leading down.
k - a scroll labelled WEUJIR KELLOD You now have 27 gold pieces (gained 7).
There is a stone staircase leading down here. 3 jackals come into view.
The jackal moves out of view.
The jackal barks!
You hear a bark!
A dart slug comes into view.
A jackal comes into view.
The jackal barks!
An endoplasm comes into view.
The jackal barks!
You hit the jackal but do no damage. x2
The jackal bites you. x2
The jackal bites you but does no damage.
The jackal bites you.
You hit the jackal but do no damage. You closely miss the jackal.
The jackal bites you. The jackal closely misses you.
You hit the jackal. Your kick misses the jackal.
The jackal is lightly wounded.
You miss the jackal. You barely miss the jackal. The jackal bites you. x2
You closely miss the jackal.
The jackal is lightly wounded.
You closely miss the jackal. x2; You hit the jackal.
The jackal bites you. The jackal completely misses you. The jackal bites you.
The jackal barely misses you.
The jackal bites you but does no damage.
The jackal closely misses you. x2
The jackal bites you but does no damage.
You closely miss the jackal. Your kick misses the jackal.
Your peck misses the jackal.
The jackal is severely wounded.
You barely miss the jackal. You hit the jackal. x2
The jackal bites you.
You die...

#.# #....
#.# #....
#.# #####
#.# # #.# #
#.# # #.#
..#####
########.#
.......
#.....h@h#
..####.
#.....hhJ#
.......
#......w.#
######.
#........#
.....
#........#
#####
#.........
#.........
#.......###


You could see a dart slug, an endoplasm and 4 jackals.

Vanquished Creatures
  A bat (D:1)
  An endoplasm (D:1)
  3 giant cockroaches (D:1)
  2 goblins (D:1)
  A hobgoblin (D:1)
  2 kobolds (D:1)
  A quokka (D:1)
  2 ball pythons (D:1)
13 creatures vanquished.

Notes
Turn   | Place    | Note
-------+----------+-------------------------------------------
     0 | D:1      | qw the Tengu Warper began the quest for the Orb.
     0 | D:1      | Reached XP level 1. HP: 12/12 MP: 4/4
     0 | D:1      | 0 ||| qw: Version: 0.1-a-89-g26bdef1
     0 | D:1      | 0 ||| qw: Game counter: 1935
     0 | D:1      | 0 ||| qw: Always use a shield: true
     0 | D:1      | 0 ||| qw: God list: Okawaru
     0 | D:1      | 0 ||| qw: Allow faded altars: false
     0 | D:1      | 0 ||| qw: Do Orc after D:15 true
     0 | D:1      | 0 ||| qw: Do second Lair branch before Depths: true
     0 | D:1      | 0 ||| qw: Lair rune preference: random
     0 | D:1      | 0 ||| qw: Plans: Normal
     0 | D:1      | 0 ||| PLANNING D:1-11
   101 | D:1      | Reached skill level 3 in Axes
   101 | D:1      | Reached XP level 2. HP: 17/17 MP: 6/6
   148 | D:1      | HP: 4/17 [kobold/+2 short sword of flaming (6)]
   246 | D:1      | 246 ||| Stepping ~*~*~tactically~*~*~ (stealth).
   254 | D:1      | 254 ||| Stepping ~*~*~tactically~*~*~ (stealth).
   558 | D:1      | HP: 3/17 [jackal (2)]
   559 | D:1      | Slain by a jackal

Levels and vault maps discovered:
D:1:      lightli_arrival_quake, layout_basic,
          hellmonk_ecumenical_altar_leap_of_faith

Skill      XL: |  1 |
---------------+----+-----
Axes           | 3 |  3.4
Fighting       | |  2.0
Throwing       | |  1.0
Armour         | |  1.1
Dodging        | |  2.1
Spellcasting   | |  2.0
Translocations | |  2.4

Action                   || total
-------------------------++-------
Melee: Hand axe          ||    27
       Peck              ||     8
       Kick              ||     4
Throw: Boomerang         ||     7
Armor: Leather armour    ||     6
Dodge: Dodged            ||    15

Table legend:
 A = Non-vault XP
 B = Vault XP
 C = Vault XP percentage of total XP
 D = Non-vault monster count
 E = Vault monster count
 F = Vault count percentage of total count
                 A         B        C        D         E       F
            +---------+---------+-------+---------+---------+-------
      Total |      23 |       0 |   0.0 |      13 |       0 |   0.0
            +---------+---------+-------+---------+---------+-------
        D:1 |      23 |       0 |   0.0 |      13 |       0 |   0.0
            +---------+---------+-------+---------+---------+-------
